[Event "Late-Titled-Tuesday-Blitz-October-03-2023"]
[Site "Chess.com"]
[Date "2023.10.03"]
[Round "3"]
[White "Jospem"]
[Black "Rutricks"]
[Result "1-0"]
[WhiteElo "3045"]
[BlackElo "2702"]
[TimeControl "180+1"]
[EndTime "14:24:46 PDT"]
[Termination "Jospem won by resignation"]

1. e4 g6 2. d4 Bg7 3. c3 c6 4. Bd3 d5 5. Nd2 dxe4 6. Nxe4 Nf6 7. Ng3 Qc7 8. h3 O-O 9. Nf3 Nbd7 10. O-O e5 11.
Re1 exd4 12. cxd4 Nb6 13. Bg5 h6 14. Bd2 Rd8 15. Qc1 Kh7 16. Qc2 Nbd5 17. Ne5 Kg8 18. Bc4 Qd6 19. Re2 Be6 20. Rae1 Nc7 21. Nxg6 Bxc4 22.
Ne7+ Kh8 23. Qxc4 Qxd4 24. Qxf7 Rd7 25. Ngf5 1-0

[Event "Late-Titled-Tuesday-Blitz-October-03-2023"]
[Site "Chess.com"]
[Date "2023.10.03"]
[Round "3"]
[White "traack"]
[Black "jerry_77"]
[Result "0-1"]
[WhiteElo "2418"]
[BlackElo "2609"]
[TimeControl "180+1"]
[EndTime "14:24:50 PDT"]
[Termination "jerry_77 won by resignation"]

1. e4 c6 2. Nf3 d5 3. Nc3 Bg4 4. h3 Bxf3 5. Qxf3 e6 6. d4 Nd7 7.
Be2 Bb4 8. O-O Bxc3 9. bxc3 dxe4 10. Qxe4 Ngf6 11. Qh4 O-O 12. f4 Qa5 13. Bd2 Ne4 14. Bd3 Ndf6 15. Be1 c5 16. f5 Nd6 17. fxe6 fxe6 18. Bg3 Nf5 19. Bxf5 exf5 20. Bd6 Rf7 21.
Bxc5 Qxc3 22. Rae1 Ne4 23. Rxe4 fxe4 24. Rxf7 Kxf7 25. Qxh7 Qe3+ 26. Kh1 Qc1+ 27. Kh2 Qf4+ 28. Kh1 e3 29. Qh5+ Kg8 30. d5 Qf1+ 31. Kh2 e2 0-1

[Event "Late-Titled-Tuesday-Blitz-October-03-2023"]
[Site "Chess.com"]
[Date "2023.10.03"]
[Round "3"]
[White "mfwagnerpeixoto"]
[Black "Mr_November18"]
[Result "1-0"]
[WhiteElo "2337"]
[BlackElo "2004"]
[TimeControl "180+1"]
[EndTime "14:24:50 PDT"]
[Termination "mfwagnerpeixoto won by resignation"]

1. e4 c5 2. Nf3 d6 3. d4 cxd4 4. Nxd4 Nf6 5. Nc3 g6 6. g3 Bg7 7. Bg2 O-O 8. O-O Nc6 9. Nde2 Be6 10. b3 Rc8 11. Nf4 Bg4 12. f3 Bd7 13. Bb2 Ne5 14.
Kh1 a6 15. a4 Qa5 16. Ncd5 Nxd5 17. Nxd5 Qd8 18. f4 Bg4 19. Qd2 Nc4 20. bxc4 Bxb2 21.
Rab1 Bg7 22. Rxb7 Rxc4 23. Nxe7+ Kh8 24. f5 Bf6 25. Nd5 Be5 26. fxg6 hxg6 27. Qh6+ Kg8 28. Ne7+ Qxe7 29. Rxe7 Rxc2 30. h3 Be2 31. Rfxf7 1-0

[Event "Late-Titled-Tuesday-Blitz-October-03-2023"]
[Site "Chess.com"]
[Date "2023.10.03"]
[Round "3"]
[White "Grischuk"]
[Black "jimis98"]
[Result "1/2-1/2"]
[WhiteElo "3005"]
[BlackElo "2705"]
[TimeControl "180+1"]
[EndTime "14:24:51 PDT"]
[Termination "Game drawn by repetition"]

1. d4 e6 2. e4 d5 3. e5 c5 4. c3 Nc6 5. Nf3 Bd7 6. Be2 Nge7 7. Na3 cxd4 8. cxd4 Nf5 9. Nc2 Be7 10. O-O O-O 11. Bd3 f6 12. Bxf5 exf5 13. Bf4 g5 14. exf6 Bxf6 15.
Bd6 Re8 16. Qd2 f4 17. Rfe1 Re4 18. Ne5 Bf5 19. Nxc6 Qxd6 20. Ne5 Re8 21. f3 Rxe1+ 22. Rxe1 Bxe5 23. dxe5 Rxe5 24. Nd4 Bd7 25. h3 Rxe1+ 26. Qxe1 Kf7 27. Kh1 Qf6 28. Qb4 Bc6 29. a3 a6 30.
Qc5 Qe7 31. Qc2 Qe1+ 32. Kh2 Qg3+ 33. Kh1 Qe1+ 34. Kh2 Qg3+ 35. Kh1 Qe1+ 1/2-1/2

[Event "Late-Titled-Tuesday-Blitz-October-03-2023"]
[Site "Chess.com"]
[Date "2023.10.03"]
[Round "3"]
[White "simplerXiao"]
[Black "WilliamAlfaroCaracas"]
[Result "1-0"]
[WhiteElo "2506"]
[BlackElo "2237"]
[TimeControl "180+1"]
[EndTime "14:24:52 PDT"]
[Termination "simplerXiao won on time"]

1. e4 e5 2. Bc4 Nf6 3. Nc3 Nc6 4. f4 d5 5. exd5 Nd4 6. fxe5 Bg4 7. Nge2 Nh5 8. O-O Bc5 9. Kh1 Qh4 10. Qe1 Qxe1 11. Rxe1 Nxc2 12. Rf1 Nxa1 13. d4 Bb6 14. Bd3 O-O-O 15. Be3 Bxe2 16. Nxe2 Rxd5 17. g4 c5 18. Be4 1-0

[Event "Late-Titled-Tuesday-Blitz-October-03-2023"]
[Site "Chess.com"]
[Date "2023.10.03"]
[Round "3"]
[White "HajiyevKanan"]
[Black "Vaathi_Coming"]
[Result "0-1"]
[WhiteElo "2548"]
[BlackElo "2889"]
[TimeControl "180+1"]
[EndTime "14:24:55 PDT"]
[Termination "Vaathi_Coming won by resignation"]

1. d4 Nf6 2. Nf3 b6 3. g3 Bb7 4. Bg2 g6 5. O-O Bg7 6. b3 O-O 7. Bb2 Ne4 8. Nbd2 c5 9. Nxe4 Bxe4 10. c4 Nc6 11. e3 d5 12. Qd2 dxc4 13. bxc4 cxd4 14.
exd4 Bxf3 15. Bxf3 Nxd4 16. Bxa8 Nf3+ 17. Bxf3 Qxd2 18.
Bxg7 Kxg7 19. Rfe1 e6 20. a4 Rc8 21. Be2 Rc5 22. Bf1 h5 23. h4 Rf5 24. Re2 Qd4 25.
Raa2 Qxc4 26. a5 Rxa5 27. Rxa5 bxa5 28. Re5 Qb4 29. Rb5 Qc3 30. Rb7 a4 31. Rxa7 a3 32.
Ra4 Qb3 33. Rf4 a2 34. Bc4 a1=Q+ 0-1

[Event "Late-Titled-Tuesday-Blitz-October-03-2023"]
[Site "Chess.com"]
[Date "2023.10.03"]
[Round "3"]
[White "shirovin"]
[Black "Giorno"]
[Result "0-1"]
[WhiteElo "2075"]
[BlackElo "2512"]
[TimeControl "180+1"]
[EndTime "14:24:55 PDT"]
[Termination "Giorno won by checkmate"]

1. e4 Nc6 2. Nf3 d6 3. h3 e5 4. d4 exd4 5. Nxd4 Nf6 6. Nc3 g6 7. Be3 Bg7 8. Qd2 O-O 9. O-O-O Re8 10. f3 d5 11. exd5 Nxd5 12. Nxd5 Qxd5 13. Nb3 Qe5 14.
Bd4 Nxd4 15. Qxd4 Qg5+ 16. Qd2 Qh4 17. Kb1 a5 18. g4 a4 19. Nd4 a3 20. Bc4 axb2 21.
Rhe1 Bd7 22. Nf5 Bxf5 23. gxf5 Qxc4 24. Rxe8+ Rxe8 25. fxg6 hxg6 26. a3 Ra8 27. Qb4 Qxb4 28.
axb4 Ra1# 0-1

[Event "Late-Titled-Tuesday-Blitz-October-03-2023"]
[Site "Chess.com"]
[Date "2023.10.03"]
[Round "3"]
[White "Doudou2015"]
[Black "KorolDimitriy75"]
[Result "1/2-1/2"]
[WhiteElo "2156"]
[BlackElo "2370"]
[TimeControl "180+1"]
[EndTime "14:24:56 PDT"]
[Termination "Game drawn by repetition"]

1. b3 c5 2. Bb2 Nc6 3. e3 d6 4. f4 Nf6 5. Bb5 Bd7 6. Nf3 g6 7. Bxf6 exf6 8. c3 Bg7 9. O-O f5 10. a4 O-O 11. Na3 Re8 12. h4 d5 13. Nc2 d4 14.
exd4 cxd4 15. Bxc6 Bxc6 16. Nfxd4 Qxh4 17. Nxc6 bxc6 18. Qf3 Rad8 19. d4 Re4 20. b4 Rde8 21. Rf2 Bh6 22. g3 Qe7 23. Raf1 Bg7 24. Kg2 h5 25.
Rd1 Qe6 26. Rdd2 Qb3 27. a5 Qc4 28. Na3 Qb3 29. Nc2 Qc4 30. Na3 Qb3 31. Nc2 1/2-1/2

[Event "Late-Titled-Tuesday-Blitz-October-03-2023"]
[Site "Chess.com"]
[Date "2023.10.03"]
[Round "3"]
[White "Grossboss19"]
[Black "GGuseinov"]
[Result "0-1"]
[WhiteElo "2524"]
[BlackElo "2881"]
[TimeControl "180+1"]
[EndTime "14:24:57 PDT"]
[Termination "GGuseinov won by resignation"]

1. Nf3 g6 2. g3 Bg7 3. Bg2 d6 4. O-O e5 5. c4 f5 6. Nc3 Nf6 7. Rb1 O-O 8. b4 e4 9. Ne1 Nc6 10. b5 Ne7 11. Bb2 Be6 12. d3 exd3 13. exd3 d5 14. Qe2 Qd7 15. c5 d4 16. Nd1 Rae8 17. Nc2 Nh5 18. Qd2 f4 19. Re1 Bxa2 20. Ra1 Bd5 21. Bxd5+ Qxd5 22. Rxa7 Nf5 23. Nb4 Qf3 24. c6 fxg3 25. hxg3 Bh6 26. Rxe8 Rxe8 27. cxb7 Bxd2 28. Ra8 Rxa8 29. bxa8=Q+ Qxa8 0-1

[Event "Late-Titled-Tuesday-Blitz-October-03-2023"]
[Site "Chess.com"]
[Date "2023.10.03"]
[Round "3"]
[White "RichardLeyvaP"]
[Black "UK_23"]
[Result "1-0"]
[WhiteElo "2593"]
[BlackElo "2396"]
[TimeControl "180+1"]
[EndTime "14:25:00 PDT"]
[Termination "RichardLeyvaP won by resignation"]

1. e4 e5 2. d4 exd4 3. Qxd4 Nc6 4. Qe3 g6 5. Nc3 Bg7 6. Bc4 Nge7 7. h4 h6 8. Nf3 d6 9. Bd2 O-O 10. O-O-O a6 11. h5 g5 12. Nd5 Nxd5 13. Bxd5 Ne7 14.
Bb3 Be6 15. Bc3 Bxb3 16. axb3 f6 17. Nd4 Qc8 18. f3 a5 19. g4 a4 20. bxa4 Rxa4 21. b3 Ra6 22. Nf5 Nxf5 23. exf5 Re8 24. Qd3 Ra8 25. Rhe1 Qd7 26. Qd5+ Kh7 27. Qxb7 Reb8 28. Qe4 Re8 29. Qd5 Rxe1 30. Rxe1 Re8 31. Re6 Rf8 32. Kb2 Rf7 33. b4 Bh8 34. b5 Bg7 35. Qc6 Kg8 36. Kb3 Qxc6 37. bxc6 Kf8 38. Kc4 Bh8 39. Ba5 Bg7 40.
Kb5 Bh8 41. Ka6 Re7 42. Rxe7 Kxe7 43. Bxc7 1-0

[Event "Late-Titled-Tuesday-Blitz-October-03-2023"]
[Site "Chess.com"]
[Date "2023.10.03"]
[Round "3"]
[White "josiur"]
[Black "rookoco"]
[Result "0-1"]
[WhiteElo "2524"]
[BlackElo "2753"]
[TimeControl "180+1"]
[EndTime "14:25:03 PDT"]
[Termination "rookoco won by checkmate"]

1. d4 Nf6 2. Nf3 b6 3. Bf4 Bb7 4. e3 c5 5. Be2 g6 6. h3 Bg7 7.
O-O O-O 8. c4 cxd4 9. exd4 d5 10.
Nc3 Nc6 11. c5 Ne4 12. Ne5 Nxe5 13. Nxe4 Nd7 14. c6 Bxc6 15. Ng5 e5 16. dxe5 Nxe5 17.
Rc1 Bb7 18. Nf3 Nc6 19. b3 Rc8 20. Qd2 d4 21. Rfd1 Re8 22. Bc4 Qf6 23. Bg5 Qf5 24.
Bd3 Qd7 25. Bb5 a6 26. Bxc6 Rxc6 27. Rxc6 Qxc6 28. Rc1 Qd5 29. Rc7 d3 30. Be3 b5 31.
Ng5 Qxg2# 0-1

[Event "Late-Titled-Tuesday-Blitz-October-03-2023"]
[Site "Chess.com"]
[Date "2023.10.03"]
[Round "3"]
[White "egnfanclub"]
[Black "arminmusovic"]
[Result "0-1"]
[WhiteElo "2398"]
[BlackElo "2506"]
[TimeControl "180+1"]
[EndTime "14:25:05 PDT"]
[Termination "arminmusovic won by checkmate"]

1. e4 c6 2. d4 d5 3. exd5 cxd5 4. c4 Nc6 5. Nc3 Nf6 6. Nf3 Bg4 7. cxd5 Nxd5 8.
Qb3 Bxf3 9. gxf3 Nb6 10. d5 Nd4 11. Bb5+ Nd7 12. Qa4 Nxb5 13. Qxb5 g6 14. Bg5 Bg7 15. d6 Bf6 16. Bh6 a6 17. Qe2 Qa5 18. O-O e6 19.
Ne4 O-O-O 20. Nxf6 Nxf6 21. Bg7 Qg5+ 22. Kh1 Rhg8 23.
Qc4+ Kb8 24. Qc7+ Ka8 25. Qxf7 Nh5 26. Bd4 Qd5 27. Rad1 Rgf8 28. Qe7 Qxf3+ 29. Kg1 Nf4 30. Qg5 Nh3# 0-1

[Event "Late-Titled-Tuesday-Blitz-October-03-2023"]
[Site "Chess.com"]
[Date "2023.10.03"]
[Round "3"]
[White "ARTHURMOTIVATOR"]
[Black "andjela_djidjika"]
[Result "1-0"]
[WhiteElo "2321"]
[BlackElo "1982"]
[TimeControl "180+1"]
[EndTime "14:25:09 PDT"]
[Termination "ARTHURMOTIVATOR won by checkmate"]

1. e4 c5 2. b3 d6 3. Bb2 Nc6 4. Bb5 Bd7 5. f4 Nf6 6. d3 e6 7. Nf3 Be7 8. O-O O-O 9. Nbd2 d5 10.
Bxc6 Bxc6 11. Ne5 Qc7 12. Qe2 dxe4 13. Nxe4 Nxe4 14. dxe4 Bf6 15. Rae1 Qb6 16. Nc4 Qd8 17. Rd1 Qc7 18. Bxf6 gxf6 19. Qg4+ Kh8 20. Qh4 Bxe4 21. Qxf6+ Kg8 22. Ne5 Bf5 23. Rf3 Rad8 24. Rdf1 Rd6 25. Rg3+ Bg6 26. Ng4 h5 27. Ne5 Qd8 28. Rxg6+ Kh7 29.
Qg7# 1-0

[Event "Late-Titled-Tuesday-Blitz-October-03-2023"]
[Site "Chess.com"]
[Date "2023.10.03"]
[Round "3"]
[White "Polish_fighter3000"]
[Black "GaiozNigalidze"]
[Result "1-0"]
[WhiteElo "3078"]
[BlackElo "2750"]
[TimeControl "180+1"]
[EndTime "14:25:12 PDT"]
[Termination "Polish_fighter3000 won by resignation"]

1. e4 c5 2. Nf3 Nc6 3. c3 e5 4. Bb5 Bd6 5. O-O Nge7 6. Ba4 O-O 7. d4 cxd4 8. cxd4 exd4 9. Nxd4 Nxd4 10. Qxd4 Qc7 11. h3 Bh2+ 12. Kh1 Be5 13. Qd3 d5 14. Nc3 dxe4 15. Qxe4 Bf5 16. Qf3 Bxc3 17. bxc3 Qc4 18.
Re1 Qxa4 19. Rxe7 Bg6 20. Be3 b6 21. Bd4 Rfe8 22. Rae1 Rf8 23. Qd5 Rad8 24. Qe5 f6 25. Qc7 Rde8 26. Rxg7+ Kh8 27. Rxe8 Qxe8 28. Re7 Qb5 29.
Bxf6+ Rxf6 30. Qd8+ 1-0

[Event "Late-Titled-Tuesday-Blitz-October-03-2023"]
[Site "Chess.com"]
[Date "2023.10.03"]
[Round "3"]
[White "szachmistrz2500"]
[Black "Ermito2020"]
[Result "0-1"]
[WhiteElo "2428"]
[BlackElo "2617"]
[TimeControl "180+1"]
[EndTime "14:25:13 PDT"]
[Termination "Ermito2020 won by resignation"]

1. Nf3 Nf6 2. g3 g6 3. Bg2 Bg7 4. O-O O-O 5. d3 d6 6. e4 e5 7. c3 Nc6 8. Re1 Ne8 9. h3 f5 10. Qb3+ Kh8 11. Ng5 Qf6 12. exf5 gxf5 13. f4 Qg6 14.
Kh2 Nf6 15. Na3 h6 16. Nf3 Nh5 17. Nb5 Qxg3+ 18. Kh1 e4 19. Nxc7 exf3 20. Rg1 fxg2+ 21. Rxg2 Qxh3+ 22. Kg1 Rg8 23. Qc2 Nd4 24. Qf2 Nf3+ 25. Kf1 Rb8 26. Be3 Bd7 27. Ke2 Nh4 28. Rh2 Qg4+ 29. Kd2 Nf3+ 30. Kc2 Nxh2 31. Qxh2 Ng3 32. Rg1 Qe2+ 0-1

[Event "Late-Titled-Tuesday-Blitz-October-03-2023"]
[Site "Chess.com"]
[Date "2023.10.03"]
[Round "3"]
[White "canary2016"]
[Black "TanitoluwaAps116"]
[Result "1-0"]
[WhiteElo "2159"]
[BlackElo "2656"]
[TimeControl "180+1"]
[EndTime "14:25:15 PDT"]
[Termination "canary2016 won by resignation"]

1. e4 c5 2. d4 cxd4 3. c3 dxc3 4. Nxc3 Nc6 5. Nf3 e6 6. Bc4 Bb4 7. O-O Nge7 8. Bf4 Bxc3 9. bxc3 d5 10. exd5 exd5 11.
Bb3 O-O 12. Re1 Bf5 13. Qd2 Rc8 14. Rad1 Be4 15. Ne5 Nxe5 16. Bxe5 Ng6 17. Bg3 Qa5 18. Re3 Rfd8 19. Qd4 h5 20. h4 Ne7 21. Qe5 Qc5 22.
Rxe4 dxe4 23. Rxd8+ 1-0

[Event "Late-Titled-Tuesday-Blitz-October-03-2023"]
[Site "Chess.com"]
[Date "2023.10.03"]
[Round "3"]
[White "Malev212"]
[Black "WindWhistler11"]
[Result "1-0"]
[WhiteElo "2632"]
[BlackElo "2448"]
[TimeControl "180+1"]
[EndTime "14:25:17 PDT"]
[Termination "Malev212 won by resignation"]

1. e4 e6 2. d4 d5 3. Nc3 Bb4 4.
e5 Ne7 5. Bd2 Nf5 6. Nf3 Nc6 7.
Ne2 Be7 8. c3 f6 9. g4 fxe5 10.
gxf5 e4 11. Ne5 exf5 12. Nf4 O-O 13. Rg1 Bf6 14. Nxc6 bxc6 15. Nh5 Rf7 16. Bf4 Rb8 17. Qd2 Kh8 18. O-O-O Bd7 19. Nxf6 gxf6 20. Be2 Qe7 21. Rg3 Rg7 22. Bxc7 Rxg3 23. hxg3 Rc8 24. Qf4 c5 25. Bd6 Qe8 26. dxc5 Be6 27. Rh1 Qg6 28. Rh6 Qg7 29.
Rxf6 1-0

[Event "Late-Titled-Tuesday-Blitz-October-03-2023"]
[Site "Chess.com"]
[Date "2023.10.03"]
[Round "3"]
[White "filipluczak05"]
[Black "Aleksandar-Topalov"]
[Result "1-0"]
[WhiteElo "2600"]
[BlackElo "2399"]
[TimeControl "180+1"]
[EndTime "14:25:21 PDT"]
[Termination "filipluczak05 won by resignation"]

1. d4 Nf6 2. Nc3 d5 3. Bf4 c6 4. e3 Bf5 5. f3 h5 6. Bd3 Bxd3 7. Qxd3 Nbd7 8. O-O-O Qa5 9. Nge2 e6 10. e4 a6 11. e5 Ng8 12. Bd2 Qc7 13. f4 g6 14. h3 h4 15. g4 hxg3 16. Nxg3 Be7 17. h4 Rxh4 18. Rxh4 Bxh4 19. Rh1 Bxg3 20. Qxg3 O-O-O 21. Qg5 Nf8 22. Na4 Ne7 23. Bb4 Nf5 24. Bc5 Nd7 25.
Rh7 Nxc5 26. dxc5 Kb8 27. Nb6 Rf8 28. Qf6 d4 29. Rh8 1-0

[Event "Late-Titled-Tuesday-Blitz-October-03-2023"]
[Site "Chess.com"]
[Date "2023.10.03"]
[Round "3"]
[White "Qvalda"]
[Black "FrankDux44"]
[Result "0-1"]
[WhiteElo "2381"]
[BlackElo "2580"]
[TimeControl "180+1"]
[EndTime "14:25:26 PDT"]
[Termination "FrankDux44 won by resignation"]

1. Nf3 g6 2. g3 Bg7 3. Bg2 e5 4. d3 d5 5. O-O Ne7 6. c4 d4 7. b4 O-O 8. a4 a5 9. b5 f6 10. Ba3 Re8 11. Nbd2 Be6 12. Nb3 Nd7 13. e3 dxe3 14. fxe3 Rb8 15. Qc2 b6 16. d4 Kh8 17.
Rad1 Nf5 18. Rfe1 exd4 19. exd4 Bf7 20. Rxe8+ Qxe8 21. Re1 Qg8 22. d5 Re8 23. Qc1 Nd6 24. Bh3 Ne5 25. Nxe5 fxe5 26. Bd7 Re7 27. Bc6 e4 28.
Bb2 e3 29. Bxg7+ Qxg7 30. Rxe3 Rxe3 31. Qxe3 Nxc4 32. Qg5 Qc3 33. Nc1 Qe1+ 34. Kg2 Ne3+ 35. Kh3 Qf1+ 36. Kh4 Nf5+ 37. Kg4 h5+ 38. Qxh5+ gxh5+ 39. Kg5 Qxc1+ 40. Kxf5 Qc2+ 41. Kf6 Bxd5 42. Bxd5 Qxa4 0-1

[Event "Late-Titled-Tuesday-Blitz-October-03-2023"]
[Site "Chess.com"]
[Date "2023.10.03"]
[Round "3"]
[White "Schwindle"]
[Black "LeninGuerra"]
[Result "0-1"]
[WhiteElo "2409"]
[BlackElo "2600"]
[TimeControl "180+1"]
[EndTime "14:25:27 PDT"]
[Termination "LeninGuerra won by resignation"]

1. e4 c5 2. Nf3 e6 3. d4 cxd4 4.
Nxd4 Nc6 5. Nc3 Qc7 6. g3 a6 7.
Bg2 Nf6 8. O-O b5 9. a3 Be7 10. e5 Ng8 11. Nxc6 dxc6 12. Qg4 Kf8 13. Qe2 h5 14. h4 Nh6 15. Bf4 Nf5 16. Be4 g6 17.
Rad1 Bd7 18. Qf3 Re8 19. Rxd7 Qxd7 20. Bxc6 Nd4 21. Bxd7 Nxf3+ 22. Kg2 Rd8 23. Bc6 Nd4 24.
Be4 Kg7 25. Na2 Nf5 26. Nb4 Bxb4 27. axb4 Rd4 28. Bxf5 gxf5 29. Bg5 Rc8 30. c3 Rd3 31. Ra1 Rc6 32. Bf6+ Kg6 33. Kf1 f4 34. gxf4 Rd2 35.
Kg2 Rxb2 36. Kh2 Rxc3 37. Rxa6 Rxf2+ 38. Kg1 0-1

[Event "Late-Titled-Tuesday-Blitz-October-03-2023"]
[Site "Chess.com"]
[Date "2023.10.03"]
[Round "3"]
[White "marik_spb"]
[Black "Lennis93"]
[Result "0-1"]
[WhiteElo "2387"]
[BlackElo "2714"]
[TimeControl "180+1"]
[EndTime "14:25:28 PDT"]
[Termination "Lennis93 won by checkmate"]

1. d4 d5 2. c4 dxc4 3. Nf3 Nf6 4. Nc3 a6 5. a4 Bf5 6. e3 e6 7. Bxc4 c5 8. O-O Nc6 9. Ne5 Nxe5 10. dxe5 Qxd1 11. Rxd1 Nd7 12. e4 Bg6 13. f4 h5 14.
Be3 Nb8 15. Rf1 Nc6 16. a5 Be7 17. Bb3 O-O-O 18. f5 exf5 19. exf5 Bh7 20. f6 gxf6 21. exf6 Bd6 22. Bxf7 Nd4 23. Bc4 Nc2 24. Bh6 Nxa1 25. Rxa1 Bd3 26. Be6+ Kc7 27. Bg7 Be5 28. Bxh8 Bd4+ 29.
Kh1 Rxh8 30. f7 Kd6 31. Bb3 c4 32. Ba4 h4 33. h3 Ke7 34. Be8 Rh5 35. Re1+ Kf8 36.
Re6 Rxa5 37. g4 hxg3 38. Kg2 Rg5 39. h4 Bf1+ 40. Kxf1 g2+ 41. Ke2 Rg4 42. Rh6 g1=Q 43. Kd2 Qe3+ 44. Kc2 Rg2+ 45. Kb1 Rxb2+ 46. Kxb2 Qxc3+ 47. Kb1 Qb2# 0-1

[Event "Late-Titled-Tuesday-Blitz-October-03-2023"]
[Site "Chess.com"]
[Date "2023.10.03"]
[Round "3"]
[White "jjbolanos"]
[Black "tantaan"]
[Result "0-1"]
[WhiteElo "2093"]
[BlackElo "2355"]
[TimeControl "180+1"]
[EndTime "14:25:30 PDT"]
[Termination "tantaan won by resignation"]

1. e4 c5 2. c3 d5 3. exd5 Qxd5 4. d4 e6 5. Nf3 Nf6 6. Bd3 Be7 7. O-O O-O 8. Re1 Rd8 9. Be3 Nc6 10. Bc2 Qh5 11. Qe2 cxd4 12. Nxd4 Qxe2 13. Rxe2 Nxd4 14. Bxd4 b6 15. Nd2 Bb7 16. Ne4 Nd5 17. g3 Rac8 18.
a3 Ba6 19. Rd2 f5 20. c4 Bxc4 21. Nc3 Nxc3 22. bxc3 e5 23. Bxf5 exd4 24. Bxc8 Rxc8 25. cxd4 Bd5 26. Re1 Bxa3 27. Ra1 Bb4 28. Rb2 Bc3 29. Rc2 b5 30. Rxa7 b4 31. Ra1 Re8 32. Ra5 0-1

[Event "Late-Titled-Tuesday-Blitz-October-03-2023"]
[Site "Chess.com"]
[Date "2023.10.03"]
[Round "3"]
[White "luca_va99"]
[Black "slorovel"]
[Result "0-1"]
[WhiteElo "2283"]
[BlackElo "2488"]
[TimeControl "180+1"]
[EndTime "14:25:32 PDT"]
[Termination "slorovel won on time"]

1. Nf3 c5 2. c4 e6 3. Nc3 d5 4. cxd5 exd5 5. d4 Nf6 6. g3 Nc6 7. Bg2 Be7 8. O-O O-O 9. dxc5 Bxc5 10. Bg5 Be6 11. Rc1 Be7 12. Nd4 Qb6 13. Nb3 d4 14.
Na4 Qb4 15. Nac5 Bxb3 16. Nxb3 Rfd8 17. Bxc6 bxc6 18. Rxc6 a5 19. Qd2 Qb7 20. Rfc1 Ne4 21. Qc2 Nxg5 22. Rc7 Qb4 23. a3 Qd6 24. Rc6 Qd5 25.
f3 d3 26. Qxd3 Qxd3 27. exd3 Rxd3 28. Rc8+ Rxc8 29. Rxc8+ Rd8 30. Rxd8+ Bxd8 31. Kf2 a4 32. Nd2 f5 33. Ke2 Kf7 34. Kd3 Ba5 35. Nc4 Be1 36. f4 Ne4 37. Nb6 Nc5+ 38. Kc4 Bf2 39. Nd5 Bg1 40. h3 Ne4 0-1

[Event "Late-Titled-Tuesday-Blitz-October-03-2023"]
[Site "Chess.com"]
[Date "2023.10.03"]
[Round "3"]
[White "Herman-NY"]
[Black "NowInChess"]
[Result "1-0"]
[WhiteElo "2517"]
[BlackElo "2218"]
[TimeControl "180+1"]
[EndTime "14:25:33 PDT"]
[Termination "Herman-NY won by checkmate"]

1. e4 e6 2. d4 d5 3. e5 c5 4. c3 Nc6 5. Nf3 Qb6 6. Bd3 Nh6 7. O-O cxd4 8. Nbd2 Nf5 9. Nb3 dxc3 10. bxc3 Be7 11. Rb1 Qc7 12. Qe2 Bd7 13. Re1 O-O 14.
g4 Nh6 15. Ng5 Kh8 16. Nxh7 Rfe8 17. g5 Nf5 18. Qh5 Kg8 19. Bf4 a5 20. Bxf5 exf5 21. e6 Qxf4 22. exf7+ Kh8 23. Nf8# 1-0

[Event "Late-Titled-Tuesday-Blitz-October-03-2023"]
[Site "Chess.com"]
[Date "2023.10.03"]
[Round "3"]
[White "frederiksvane"]
[Black "OYAcosta"]
[Result "0-1"]
[WhiteElo "2899"]
[BlackElo "2194"]
[TimeControl "180+1"]
[EndTime "14:25:34 PDT"]
[Termination "OYAcosta won on time"]

1. a3 d5 2. e3 Nf6 3. Nf3 Bf5 4. b4 e6 5. Bb2 Be7 6. c4 c6 7. Nc3 O-O 8. Be2 h6 9. O-O a5 10. b5 Nbd7 11. d4 Bd6 12. Rc1 Ne4 13. a4 Qe7 14. Nd2 Qh4 15. g3 Qf6 16. Ndxe4 Bxe4 17. Nxe4 dxe4 18.
f4 exf3 19. Bxf3 Qg5 20. Qd3 Rac8 21. c5 Bb8 22. Bc3 Rfd8 23. Bxa5 Ne5 24. Bxd8 Nxd3 25.
Bxg5 Nxc1 26. Rxc1 hxg5 27. b6 f5 28. a5 f4 29. gxf4 gxf4 30. e4 Rd8 31. d5 exd5 32. exd5 cxd5 33. a6 bxa6 0-1

[Event "Late-Titled-Tuesday-Blitz-October-03-2023"]
[Site "Chess.com"]
[Date "2023.10.03"]
[Round "3"]
[White "Sanyura"]
[Black "Hrant_ChessMood"]
[Result "0-1"]
[WhiteElo "2662"]
[BlackElo "2965"]
[TimeControl "180+1"]
[EndTime "14:25:35 PDT"]
[Termination "Hrant_ChessMood won by resignation"]

1. Nf3 d5 2. g3 c5 3. Bg2 Nc6 4. O-O e5 5. d3 Be7 6. Nbd2 g5 7. e4 d4 8. Nc4 f6 9. a4 Be6 10. b3 Nh6 11. Ne1 Nf7 12. f4 gxf4 13. gxf4 Qd7 14. fxe5 Nfxe5 15. Nxe5 Nxe5 16. Nf3 O-O-O 17. Nxe5 fxe5 18.
Qh5 Rhg8 19. Kh1 Rg6 20. Bd2 Rdg8 21. Rf2 Bg5 22. Bxg5 Rxg5 23. Qh6 R5g6 24. Qh5 Qg7 25. Rg1 Rh6 26. Qf3 Qg5 27. Rgf1 Qh4 28. h3 Rhg6 29. Qe2 Kc7 30. Rf5 Rxg2 31. Qxg2 Rxg2 32. Kxg2 0-1

[Event "Late-Titled-Tuesday-Blitz-October-03-2023"]
[Site "Chess.com"]
[Date "2023.10.03"]
[Round "3"]
[White "ArmanGhevondyanchess"]
[Black "BardArtem"]
[Result "0-1"]
[WhiteElo "2556"]
[BlackElo "2787"]
[TimeControl "180+1"]
[EndTime "14:25:39 PDT"]
[Termination "BardArtem won by checkmate"]

1. Nf3 d5 2. g3 Nc6 3. d4 Bf5 4. Bg2 Nb4 5. Na3 e6 6. O-O h6 7. Ne5 Nf6 8. c3 Na6 9. Nc2 c6 10. f3 Be7 11. Qe1 Bxc2 12. e4 Ba4 13. Rf2 Nc7 14. b3 Bb5 15. a4 Ba6 16. h4 Nd7 17.
Ng4 h5 18. Nh2 e5 19. exd5 Nxd5 20. dxe5 Bc5 21. Bg5 Qb6 22. Ra2 Qxb3 23. e6 Qxa2 24.
exd7+ Kxd7 25. Bh3+ Kd6 26. Bd2 Rae8 27. Qc1 Bxf2+ 28.
Kh1 Be3 29. c4 Bxd2 30. c5+ Kc7 31. Qd1 Qb2 32. Bf1 Qc1 33. Qb3 Bxf1 34. Qa3 Bh3+ 35. Nf1 Qxf1+ 36. Kh2 Qg2# 0-1

[Event "Late-Titled-Tuesday-Blitz-October-03-2023"]
[Site "Chess.com"]
[Date "2023.10.03"]
[Round "3"]
[White "Alexandr_Predke"]
[Black "AyMitecK"]
[Result "1-0"]
[WhiteElo "2889"]
[BlackElo "2545"]
[TimeControl "180+1"]
[EndTime "14:25:40 PDT"]
[Termination "Alexandr_Predke won by checkmate"]

1. d4 Nf6 2. Nf3 e6 3. c3 c5 4. Bg5 cxd4 5. Qxd4 Be7 6. g3 Nc6 7. Qd1 h6 8. Bxf6 Bxf6 9. Bg2 b6 10. O-O Bb7 11.
Nbd2 O-O 12. e4 d5 13. Re1 dxe4 14. Nxe4 Be7 15. Qe2 Qc8 16. Rad1 Na5 17. Ne5 Qc7 18. Qh5 Rad8 19. Rxd8 Bxd8 20. Rd1 f5 21. Nd6 Bxg2 22. Kxg2 Nb7 23. Ndf7 Nc5 24. b4 Qb7+ 25. Kg1 Na4 26.
Rd7 Qe4 27. Nxh6+ gxh6 28. Qg6+ Kh8 29. Rh7# 1-0

[Event "Late-Titled-Tuesday-Blitz-October-03-2023"]
[Site "Chess.com"]
[Date "2023.10.03"]
[Round "3"]
[White "kingofthenil"]
[Black "AlivodicDario"]
[Result "1-0"]
[WhiteElo "2792"]
[BlackElo "2494"]
[TimeControl "180+1"]
[EndTime "14:25:40 PDT"]
[Termination "kingofthenil won on time"]

1. e4 e6 2. c4 c5 3. Ne2 Nc6 4.
d4 cxd4 5. Nxd4 Qb6 6. Nb3 Nf6 7. Nc3 Bb4 8. Be3 Qc7 9. f3 O-O 10. Rc1 d5 11. cxd5 exd5 12. exd5 Re8 13. Kf2 Rxe3 14. Kxe3 Qb6+ 15. Ke2 Bf5 16. Ke1 Re8+ 17. Be2 Qe3 18.
dxc6 Nd5 19. Qd2 Qe5 20. Nd4 Nxc3 21. bxc3 Bc5 22. cxb7 Bxd4 23. cxd4 1-0